 Dungeon Crawl Stone Soup version 0.21-a0-283-g622b906 (webtiles) character file.

118643 Jor the Unseen (level 16, -23/85 HPs)
             Began as a Spriggan Enchanter on Sept 25, 2017.
             Was the Champion of Dithmenos.
             Killed from afar by Nikola (26 damage)
             ... with a chain lightning
             ... on level 1 of the Swamp.
             The game lasted 01:43:56 (38155 turns).

Jor the Unseen (Spriggan Enchanter)                Turns: 38155, Time: 01:44:02

Health: -23/85     AC:  7    Str: 13    XL:     16   Next: 26%
Magic:  25/35      EV: 49    Int: 18    God:    Dithmenos [******]
Gold:   1392       SH:  0    Dex: 23    Spells: 31/43 levels left

rFire    . . .     SeeInvis +   t - +9 dagger (holy)
rCold    . . .     Gourm    .   (shield restricted)
rNeg     . . .     Faith    .   v - +2 robe {MR+}
rPois    .         Spirit   .   (helmet restricted)
rElec    .         Reflect  .   L - +2 cloak {MR+}
rCorr    .         Harm     .   (gloves unavailable)
MR       ++++.                  (boots unavailable)
Stlth    ++++++++++             (no amulet)
HPRegen  0.24/turn              D - +4 ring of evasion
MPRegen  0.24/turn              y - +6 ring of evasion

@: mighty, agile, wreathed by umbra, very quick
A: unfitting armour, horns 1, see invisible, herbivore 3, speed 3, mutation
resistance 1, slow metabolism 2
a: Shadow Step, Shadow Form, Renounce Religion


You were on level 1 of the Swamp.
You worshipped Dithmenos.
Dithmenos was exalted by your worship.
You were not hungry.

You visited 8 branches of the dungeon, and saw 28 of its levels.
You also visited: Labyrinth and Sewer.

You collected 2480 gold pieces.
You spent 1088 gold pieces at shops.

Inventory:

Hand Weapons
 t - a +9 dagger of holy wrath (weapon)
 G - a +4 dagger of chaos
Missiles
 E - a throwing net (quivered)
Armour
 b - a +2 robe of cold resistance
 v - a +2 robe of magic resistance (worn)
 L - a +2 cloak of magic resistance (worn)
Jewellery
 y - a +6 ring of evasion (right hand)
 D - a +4 ring of evasion (left hand)
 H - an uncursed ring of protection from fire
Wands
 a - a wand of iceblast (5/15)
 l - a wand of lightning (10/15)
 m - a wand of enslavement (9/24)
 r - a wand of digging (5/24)
 z - a wand of acid (2/15)
 K - a wand of paralysis (16/24)
Scrolls
 h - 12 scrolls of identify
 j - 8 scrolls of fear
 k - 14 scrolls of teleportation
 n - 7 scrolls of blinking
 w - 16 scrolls of remove curse
 x - 4 scrolls of enchant weapon
 P - a scroll of magic mapping
 S - a scroll of summoning
 V - a scroll of enchant armour
 W - 3 scrolls of recharging
Potions
 g - 5 potions of heal wounds
 o - 7 potions of curing
 B - 2 potions of lignification
 I - 4 potions of might
 N - 2 potions of mutation
 R - a potion of brilliance
 U - 3 potions of cancellation
Miscellaneous
 M - a lightning rod (4/4)
Comestibles
 d - 20 bread rations
 i - 14 fruits


   Skills:
 + Level 9.8 Fighting
 + Level 12.4 Short Blades
 + Level 16.3 Dodging
 + Level 20.0 Stealth
 + Level 14.4 Spellcasting
 + Level 14.6 Hexes


You had 31 spell levels left.
You knew the following spells:

 Your Spells              Type           Power        Failure   Level  Hunger
a - Ensorcelled Hibernat  Hex/Ice        #####.       1%          2    None
b - Corona                Hex            ######.      0%          1    None
c - Confuse               Hex            ######..     1%          3    None
d - Tukima's Dance        Hex            ######..     1%          3    None
e - Dazzling Spray        Conj/Hex       #####.       1%          3    None


Dungeon Overview and Level Annotations

Branches:
Dungeon (15/15)            Temple (1/1) D:4            Lair (6/6) D:11
  Swamp (1/4) Lair:4       Spider (1/4) Lair:3        Slime (0/5) Lair:5
    Orc (2/2) D:9             Elf (1/3) Orc:2        Vaults (0/5) D:13
 Depths (1/5) D:15

Altars:
Ashenzari
Cheibriados
Dithmenos
Elyvilon
Fedhas
Gozag
Hepliaklqana
Kikubaaqudgha
Makhleb
Nemelex Xobeh
Okawaru
Qazlal
Ru
Sif Muna
Trog
Uskayaw
Vehumet
Wu Jian
Xom
Yredelemnul
Zin
The Shining One

Shops:
D:7 (   D:8 *   D:11 *   D:12 %   D:13 }!%*   Orc:2 *(=

Portals:
Hell: Depths:1
Ziggurat: Depths:1

Annotations:
Lair:5 exclusion: 3 oklob plants
Swamp:1 Nikola


Innate Abilities, Weirdness & Mutations

You are very small and have problems with some larger weapons.
You are too small for most types of armour.
You have supernaturally acute eyesight. (SInv)
You are a herbivore.
You cover ground extremely quickly.
You need consume almost no food.
You have a pair of small horns on your head.
You are somewhat resistant to further mutation.


Message History

Nikola blinks!
The thorn hunter fires a volley of thorns at you.
The volley of thorns misses you.
An alligator comes into view.
You closely miss the thorn hunter.
The thorn hunter is moderately damaged.
Your shadow hits the thorn hunter but does no damage.
You puncture the thorn hunter! Your headbutt misses the thorn hunter.
The thorn hunter is heavily damaged.
Your shadow hits the thorn hunter but does no damage.
The thorn hunter completely misses you. The thorn hunter hits you!
Unknown command.
You hit the thorn hunter. You headbutt the thorn hunter.
The thorn hunter is heavily damaged.
Nikola gestures wildly while chanting.
You hear a mighty clap of thunder!
The lightning arc hits you!
* * * LOW HITPOINT WARNING * * *
The lightning arc hits Nikola.
The lightning arc hits you!
You die...

#.. ♣ ##♣ .. . #.. .♣♣#..
♣.♣#♣..♣♣♣.♣..# ♣.. ..≈♣≈≈§..♣#
♣.# .♣≈≈≈≈≈♣ .♣.≈ ...♣
♣..♣.♣§≈§≈§♣≈... ≈≈.≈♣
♣.#...≈≈§f§§♣.#
≈≈≈..♣♣♣.....≈♣§@§§..#
≈≈≈≈.≈≈♣..#.≈.§§♣@§..#
≈≈≈..≈♣≈..#...§♣§§§##t..
≈≈≈..≈♣.≈..#... ...#..≈≈≈≈≈.
≈≈≈.....≈≈..P## PPP...≈≈≈..
≈≈..≈......PP...PPPP......♣
≈...♣≈........≈..P♣♣P..≈..♣
......≈≈§.≈.≈≈.≈.......≈≈≈♣
.≈≈≈≈≈≈≈≈≈≈.♣♣♣♣..≈≈≈≈.≈≈.♣♣♣♣♣♣


You could see Nikola and a thorn hunter.

Vanquished Creatures
  Agnes (D:14)
  2 orc warlords
  Azrael (D:14)
  Snorg (D:14)
  A fire dragon (Lair:6)
  A minotaur (Lab)
  Josephine (D:10)
  3 catoblepae
  5 hydras
  4 centaur warriors
  An alligator (Swamp:1)
  2 dancing weapons (D:13)
  10 death yaks
  9 two-headed ogres
  2 tengu warriors (D:15)
  2 orc high priests (Orc:2)
  A vampire mage (D:15)
  7 skeletal warriors (D:15)
  A golden dragon zombie (D:15)
  A lindwurm (Lair:6)
  8 orc knights
  2 wolf spider zombies
  A necromancer (D:15)
  Pikel (D:9)
  A fire giant zombie (D:15)
  4 orc sorcerers (Orc:2)
  8 ugly things
  A wolf spider (Lair:3)
  A stone giant zombie (D:15)
  2 oklob plants (Lair:3)
  5 deep elf magi (Elf:1)
  2 cyclopes
  21 elephants
  Joseph (D:7)
  Maurice (D:10)
  9 black mambas
  2 molten gargoyles (Lair:6)
  A torpor snail (Lair:5)
  2 gargoyles
  15 spiny frogs
  Psyche (D:9)
  4 rime drakes
  2 tengu conjurers (D:15)
  2 demonic crawlers (Lair:3)
  8 komodo dragons
  2 ice devils (D:13)
  A hornet (Swamp:1)
  A queen bee (Lair:5)
  3 meliai (Lair:5)
  4 trolls
  7 jumping spiders
  A tyrant leech (Swamp:1)
  8 blink frogs
  A bog body (Swamp:1)
  5 slime creatures
  16 dream sheep
  A centaur simulacrum (D:14)
  9 hippogriffs
  2 spriggans
  41 yaks
  4 shadows
  7 wraiths
  7 redbacks
  9 wyverns
  5 hungry ghosts
  10 basilisks
  5 vampire mosquitoes
  5 fire elementals (D:14)
  A steam dragon (Lair:6)
  Menkaure (D:6)
  A human zombie (D:15)
  6 wargs
  Edmund (D:6)
  Duvessa (D:6)
  5 water moccasins
  8 hell hounds
  5 porcupines
  3 ice beasts
  Purgy (Sewer)
  An eye of draining (D:13)
  3 sky beasts
  20 orc warriors
  3 black bears
  5 phantoms
  The ghost of Fandomethor the Skirmisher, an amateur DsAK of Lugonu (D:4)
  17 ogres
  9 wolves
  10 centaurs
  15 crocodiles
  3 big kobolds
  An earth elemental (Lab)
  3 wyvern zombies
  22 bullfrogs
  Dowan (D:6)
  A water moccasin zombie (D:7)
  9 scorpions
  41 killer bees
  A howler monkey (D:6)
  13 wights
  A troll skeleton (Lab)
  2 spriggan skeletons (Lab)
  2 electric eels (Lair:2)
  5 lava snakes (Lair:6)
  2 crimson imps
  3 quasits
  7 hounds
  6 jellies
  5 centaur zombies
  16 orc priests
  21 orc wizards
  A bullfrog skeleton (D:10)
  6 centaur skeletons
  2 iguanas
  11 worker ants
  5 hell rats
  An ogre skeleton (Lab)
  A hound skeleton (D:7)
  A howler monkey zombie (D:9)
  A worker ant zombie (D:11)
  4 gnolls
  15 adders
  4 shadow imps
  An ooze (D:1)
  3 worms
  3 dart slugs
  4 leopard geckos
  71 orcs
  4 bats
  6 giant cockroaches
  8 goblins
  3 hobgoblins
  13 jackals
  4 quokkas
  3 ball pythons
  15 frilled lizards
  A giant cockroach zombie (D:5)
  21 kobolds
  2 quokka zombies
  7 rats
  A plant (Lair:3)
819 creatures vanquished.

Vanquished Creatures (others)
  An alligator (Swamp:1)
  An orc priest (D:9)
  2 briar patches (Swamp:1)
  7 fungi
  4 plants (Lair:6)
  3 toadstools (Swamp:1)
  2 withered plants (D:15)
20 creatures vanquished.

Grand Total: 839 creatures vanquished

Notes
Turn   | Place    | Note
-------+----------+-------------------------------------------
     0 | D:1      | Jor the Spriggan Enchanter began the quest for the Orb.
     0 | D:1      | Reached XP level 1. HP: 9/9 MP: 5/5
   573 | D:1      | Reached XP level 2. HP: 13/13 MP: 7/7
   577 | D:1      | Learned a level 2 spell: Ensorcelled Hibernation
  1380 | D:2      | Reached XP level 3. HP: 16/16 MP: 6/9
  1385 | D:2      | Learned a level 3 spell: Confuse
  1389 | D:2      | Learned a level 3 spell: Tukima's Dance
  1921 | D:2      | Reached XP level 4. HP: 21/21 MP: 11/11
  2155 | D:2      | Reached skill level 5 in Hexes
  3148 | D:3      | Reached XP level 5. HP: 20/24 MP: 13/13
  3546 | D:4      | Reached skill level 5 in Spellcasting
  3723 | D:4      | Noticed Fandomethor's ghost (amateur DsAK)
  3742 | D:4      | Killed Fandomethor's ghost
  3742 | D:4      | Reached skill level 6 in Stealth
  3742 | D:4      | Reached XP level 6. HP: 28/28 MP: 12/15
  3770 | D:4      | Reached skill level 7 in Stealth
  3783 | D:4      | Reached skill level 8 in Stealth
  3794 | D:4      | Found a glowing drain.
  3859 | Sewer    | Entered a sewer
  4198 | Sewer    | Learned a level 3 spell: Dazzling Spray
  4208 | Sewer    | Noticed Purgy
  4212 | Sewer    | Killed Purgy
  4212 | Sewer    | Reached skill level 9 in Stealth
  4212 | Sewer    | Reached XP level 7. HP: 32/32 MP: 16/16
  4479 | D:4      | Reached skill level 10 in Stealth
  4773 | D:4      | Found a staircase to the Ecumenical Temple.
  4785 | Temple   | Entered the Ecumenical Temple
  4795 | Temple   | Became a worshipper of Dithmenos the Shadowed
  4900 | D:5      | Entered Level 5 of the Dungeon
  4950 | D:5      | Found a deep blue altar of Sif Muna.
  5425 | D:5      | Reached skill level 11 in Stealth
  5637 | D:6      | Reached XP level 8. HP: 36/36 MP: 11/17
  5855 | D:6      | Reached skill level 12 in Stealth
  6050 | D:6      | Noticed Menkaure
  6053 | D:6      | Killed Menkaure
  6162 | D:6      | Noticed a moth of wrath
  6165 | D:6      | Found a bloodstained altar of Trog.
  6233 | D:6      | Reached skill level 13 in Stealth
  6309 | D:6      | Noticed Dowan
  6311 | D:6      | Noticed Duvessa
  6669 | D:6      | Killed Duvessa
  6675 | D:6      | Killed Dowan
  6735 | D:6      | Reached skill level 1 in Fighting
  6836 | D:6      | Reached * piety under Dithmenos
  6837 | D:6      | Noticed Edmund
  6845 | D:6      | Killed Edmund
  7009 | D:6      | Reached XP level 9. HP: 42/42 MP: 13/19
  7617 | D:7      | Reached skill level 5 in Dodging
  7617 | D:7      | Reached skill level 14 in Stealth
  7880 | D:7      | Reached ** piety under Dithmenos
  8301 | D:7      | Found Kiessah's Antique Weapon Emporium.
  8366 | D:7      | Noticed Joseph
  8369 | D:7      | Killed Joseph
  8558 | D:8      | Noticed a two-headed ogre
  8582 | D:8      | Killed a two-headed ogre
  8749 | D:8      | Reached XP level 10. HP: 49/49 MP: 18/21
  8799 | D:8      | Noticed a two-headed ogre
  9182 | D:8      | Found a white marble altar of Elyvilon.
  9191 | D:8      | Killed a two-headed ogre
  9191 | D:8      | Reached skill level 5 in Short Blades
  9300 | D:8      | Found Aluarrex's Assorted Antiques.
  9572 | D:8      | Found a glowing silver altar of Zin.
  9575 | D:8      | Found an iron altar of Okawaru.
  9575 | D:8      | Found a blossoming altar of Fedhas.
  9624 | D:8      | Noticed a two-headed ogre
  9790 | D:7      | Reached *** piety under Dithmenos
  9947 | D:8      | Killed a two-headed ogre
  9947 | D:8      | Reached skill level 15 in Stealth
 10798 | D:9      | Reached XP level 11. HP: 54/54 MP: 3/24
 10957 | D:9      | Noticed Pikel
 10977 | D:9      | Killed Pikel
 11436 | D:9      | Noticed Psyche
 11441 | D:9      | Killed Psyche
 11777 | D:9      | Found a staircase to the Orcish Mines.
 11949 | D:9      | Reached **** piety under Dithmenos
 11978 | D:10     | Entered Level 10 of the Dungeon
 12365 | D:10     | Reached skill level 5 in Fighting
 12490 | D:10     | Noticed a two-headed ogre
 12493 | D:10     | Noticed Maurice
 12499 | D:10     | Killed a two-headed ogre
 12512 | D:10     | Killed Maurice
 12607 | D:10     | Noticed a two-headed ogre
 12611 | D:10     | Killed a two-headed ogre
 12672 | D:10     | Noticed Josephine
 12862 | D:10     | Killed Josephine
 12888 | D:10     | Reached skill level 10 in Dodging
 12898 | D:10     | Reached skill level 16 in Stealth
 13310 | D:11     | Gained mutation: You are frail. (-10% HP) [potion of mutation]
 13310 | D:11     | Gained mutation: You are partially covered in large bone plates. (SH +4) [potion of mutation]
 13310 | D:11     | Gained mutation: You have large cloven feet. [potion of mutation]
 13311 | D:11     | Lost mutation: You have large cloven feet. [potion of mutation]
 13311 | D:11     | Lost mutation: You are partially covered in large bone plates. (SH +4) [potion of mutation]
 13311 | D:11     | Lost mutation: You are frail. (-10% HP) [potion of mutation]
 13311 | D:11     | Gained mutation: You have a pair of small horns on your head. [potion of mutation]
 13311 | D:11     | Gained mutation: Your system is resistant to poisons. (rPois) [potion of mutation]
 13314 | D:11     | Noticed a two-headed ogre
 13324 | D:11     | Killed a two-headed ogre
 13626 | D:11     | Reached skill level 10 in Hexes
 13634 | D:11     | Found a staircase to the Lair.
 13643 | D:11     | Lost mutation: Your system is resistant to poisons. (rPois) [potion of mutation]
 13643 | D:11     | Lost mutation: You have a pair of small horns on your head. [potion of mutation]
 13643 | D:11     | Gained mutation: You are dopey. (Int -2) [potion of mutation]
 13643 | D:11     | Gained mutation: You are covered in fur. (AC +1) [potion of mutation]
 13643 | D:11     | Gained mutation: You are resistant to electric shocks. (rElec) [potion of mutation]
 13643 | D:11     | Gained mutation: You passively map a small area around you. [potion of mutation]
 13644 | D:11     | Lost mutation: You are resistant to electric shocks. (rElec) [potion of mutation]
 13644 | D:11     | Lost mutation: You passively map a small area around you. [potion of mutation]
 13644 | D:11     | Lost mutation: You are dopey. (Int -2) [potion of mutation]
 13644 | D:11     | Gained mutation: Your magical capacity is low. (-10% MP) [potion of mutation]
 13644 | D:11     | Gained mutation: You possess an exceptional clarity of mind. [potion of mutation]
 13644 | D:11     | Gained mutation: You are somewhat resistant to further mutation. [potion of mutation]
 13976 | D:11     | Noticed a six-headed hydra
 14332 | D:11     | Noticed a two-headed ogre
 14338 | D:11     | Noticed a green ugly thing
 14342 | D:11     | Killed a two-headed ogre
 14342 | D:11     | Reached skill level 10 in Spellcasting
 14342 | D:11     | Reached XP level 12. HP: 60/60 MP: 18/24
 14365 | D:11     | Reached ***** piety under Dithmenos
 14479 | D:11     | Found Nockus's General Store.
 14482 | D:11     | Bought a scroll of magic mapping for 49 gold pieces
 14482 | D:11     | Bought a potion of might for 56 gold pieces
 14593 | D:11     | Killed a six-headed hydra
 15032 | D:12     | Noticed a two-headed ogre
 15071 | D:12     | Killed a two-headed ogre
 15352 | D:12     | Found Ryehong's Food Boutique.
 15755 | D:12     | Found a shadowy altar of Dithmenos.
 16192 | D:13     | Found Duicekiwi's Food Shoppe.
 16211 | D:13     | Noticed a two-headed ogre
 16224 | D:13     | Killed a two-headed ogre
 16320 | D:13     | Found Asul's Gadget Shop.
 16725 | D:13     | Noticed an eight-headed hydra
 16734 | D:13     | Killed an eight-headed hydra
 16734 | D:13     | Reached skill level 17 in Stealth
 16776 | D:13     | Noticed a catoblepas
 16776 | D:13     | Found Mileso Nuoj's Distillery.
 16967 | D:13     | Bought a potion of might for 40 gold pieces
 16967 | D:13     | Bought a potion of heal wounds for 50 gold pieces
 16967 | D:13     | Bought a potion of berserk rage for 50 gold pieces
 16967 | D:13     | Bought a potion of brilliance for 40 gold pieces
 16967 | D:13     | Bought a potion of brilliance for 40 gold pieces
 16967 | D:13     | Bought a potion of agility for 40 gold pieces
 16967 | D:13     | Bought a potion of cancellation for 80 gold pieces
 16967 | D:13     | Bought 2 potions of degeneration for 20 gold pieces
 16967 | D:13     | Bought a potion of curing for 30 gold pieces
 17049 | D:13     | Noticed a centaur warrior
 17544 | D:13     | Killed a centaur warrior
 17547 | D:13     | Lost mutation: You are covered in fur. (AC +1) [potion of mutation]
 17547 | D:13     | Lost mutation: You possess an exceptional clarity of mind. [potion of mutation]
 17547 | D:13     | Lost mutation: Your magical capacity is low. (-10% MP) [potion of mutation]
 17547 | D:13     | Gained mutation: You have a pair of small horns on your head. [potion of mutation]
 17606 | D:13     | Found Ehotyle's General Store.
 17614 | D:13     | Bought a potion of heal wounds for 80 gold pieces
 17614 | D:13     | Bought a potion of heal wounds for 80 gold pieces
 17614 | D:13     | Bought a scroll of identify for 32 gold pieces
 17614 | D:13     | Bought a scroll of identify for 32 gold pieces
 17667 | D:13     | Identified the +8 rapier of Superiority {vamp, MP-9 Dex+7} (You took it off a centaur on level 13 of the Dungeon)
 17933 | D:13     | Reached XP level 13. HP: 54/66 MP: 16/29
 18257 | D:13     | Found a gate to the Vaults.
 18959 | D:14     | Reached ****** piety under Dithmenos
 19061 | D:14     | Noticed Azrael
 19561 | D:14     | Killed Azrael
 19765 | D:14     | Noticed Snorg
 19768 | D:14     | Killed Snorg
 19967 | D:14     | Noticed Agnes
 19974 | D:14     | Killed Agnes
 20322 | D:14     | Reached skill level 10 in Short Blades
 20597 | Lair:1   | Entered Level 1 of the Lair of Beasts
 21353 | Lair:1   | Reached skill level 18 in Stealth
 22240 | Lair:2   | Reached XP level 14. HP: 72/72 MP: 22/31
 23120 | Lair:3   | Found a labyrinth entrance.
 23129 | Lab      | Entered a labyrinth
 23992 | Lab      | Identified the Volume of Earthen Conjuration
 24064 | Lair:3   | Found a hole to the Spider Nest.
 25958 | Lair:4   | Found a staircase to the Swamp.
 27211 | Lair:5   | Found a staircase to the Slime Pits.
 28174 | Lair:6   | Entered Level 6 of the Lair of Beasts
 28638 | Lair:6   | Reached XP level 15. HP: 72/78 MP: 27/33
 28640 | Lair:6   | Reached skill level 19 in Stealth
 30341 | Lair:6   | Reached skill level 15 in Dodging
 31164 | Lair:6   | Found a large runed door.
 31166 | Lair:6   | Found a large runed door.
 31639 | Orc:1    | Entered Level 1 of the Orcish Mines
 32131 | Orc:2    | Entered Level 2 of the Orcish Mines
 32369 | Orc:2    | Found Socrulee's Jewellery Shoppe.
 32490 | Orc:2    | Found Riokueta's General Store.
 32502 | Orc:2    | Bought a scroll of summoning for 171 gold pieces
 32506 | Orc:2    | Noticed an orc warlord
 32576 | Orc:1    | Killed an orc warlord
 32987 | Orc:2    | Found Quhe's Antique Weapon Boutique.
 33009 | Orc:2    | Bought a jewelled rapier for 198 gold pieces
 33009 | Orc:2    | Identified the +1 rapier of Crystal {flame, *Rage +Inv Dex+7 SInv} (You bought it in a shop on level 2 of the Orcish Mines)
 33640 | Orc:2    | Found Henaacici's Antique Armour Shoppe.
 33640 | Orc:2    | Noticed an orc warlord
 33689 | Orc:2    | Killed an orc warlord
 33947 | Orc:2    | Found a staircase to the Elven Halls.
 34031 | Elf:1    | Entered Level 1 of the Elven Halls
 34122 | Elf:1    | Found a radiant altar of Vehumet.
 34343 | D:15     | Entered Level 15 of the Dungeon
 34376 | D:15     | Found a staircase to the Depths.
 34988 | D:15     | Found a bloodstained altar of Trog.
 35389 | D:15     | Reached XP level 16. HP: 84/84 MP: 30/35
 36394 | D:15     | Reached skill level 20 in Stealth
 36801 | Depths:1 | Entered Level 1 of the Depths
 36843 | Depths:1 | Found a gateway to a ziggurat.
 36887 | Depths:1 | Found a gateway to Hell.
 37160 | Spider:1 | Entered Level 1 of the Spider Nest
 37613 | Swamp:1  | Entered Level 1 of the Swamp
 38136 | Swamp:1  | Noticed a thorn hunter
 38144 | Swamp:1  | Noticed Nikola
 38155 | Swamp:1  | HP: 3/85 [Nikola/chain lightning (24)]
 38155 | Swamp:1  | Killed from afar by Nikola

Vault maps used:
D:1:      scummos_arrival_star, serial_park_tiny_pond
D:3:      first_bread
D:4:      minmay_temple_entry_glassed_door, gup_sewer_entry_glass
D:5:      lemuel_blue_sif_altar
D:6:      tgw_trog, uniq_menkaure, uniq_edmund, uniq_duvessa
D:7:      serial_shops, shop, uniq_joseph
D:8:      grunt_temple_overflow_open, serial_shops, shop, grunt_ogre_cave
D:9:      orc_0_dummy, uniq_psyche, uniq_pikel
D:10:     uniq_josephine, uniq_maurice
D:11:     erik_lair_orcish_takeover, serial_shops, kennysheep_mini
D:12:     serial_shops, nicolae_shop_statue_plus, grunt_dithmenos_shadows
D:13:     erik_vaults_1, serial_shops, shop, shop, nicolae_shop_crystal,
          nicolae_shop_temple_entry_statues_fountains,
          portal_ice_cave_demonic_guard
D:14:     serial_park_tiny_pond, uniq_agnes, uniq_snorg, uniq_azrael
D:15:     gammafunk_depths_entry_grave, basic_altar, moated_statue
Temple:   nicolae_temple_no_exploring_needed
Lair:1:   small_statue_intersection, minivault_26, cheibrodos_lair_reptile_den
Lair:3:   nicolae_spider_entry_tight_spaces, lab_entry_generic,
          grunt_forest_stairs_basic, minivault_11,
          grunt_forest_large_clearing_hut, lemuel_fruit_tree,
          minmay_lair_oklob_chamber, serial_bayou_shore_b
Lair:4:   swamp_mist_pool
Lair:5:   regret_index_combs_of_tragedy, minmay_slime_entry_oklob_enclosed
Lair:6:   cheibrodos_lair_end_hotspot
Swamp:1:  cheibrodos_swamp_tower_of_moss, hangedman_swamp_blocks, uniq_nikola
Spider:1: hangedman_spider_tarantella_strand
Orc:2:    grunt_orc_gardens, grunt_orc_garden, grunt_orc_garden,
          grunt_orc_garden, grunt_orc_garden
Elf:1:    eino_elf_arrival_altar, hangedman_elf_represent,
          hangedman_research_pyrotechnics, uniq_asterion
Depths:1: enter_ziggurat_e, minmay_misc_feat_iff, hangedman_coc_ice_floe,
          nicolae_antique_artefacts, uniq_aizul
Lab:      labyrinth_watery, nicolae_lab_statue, nicolae_lab_x,
          nicolae_lab_starburst, lab_statue, labyrinth_skeletal_remains,
          nicolae_lab_very_dead_end, nicolae_lab_swirl, nicolae_lab_arrow,
          nicolae_lab_checkerboard
Sewer:    sewer_co_purgy_island

Skill      XL: |  1  2  3  4  5  6  7  8  9 10 11 12 13 14 15 16 |
---------------+-------------------------------------------------+-----
Spellcasting   | 3 4 5 6 7 8 10 11 12 13 14 | 14.4
Hexes          | 4 5 6 7 8 10 11 12 13 14 | 14.6
Stealth        | 6 9 11 13 14 15 16 17 18 19 20 | 20.0
Fighting       | 1 3 4 5 6 7 8 9 |  9.8
Short Blades   | 2 4 6 7 9 10 11 12 | 12.4
Dodging        | 4 6 8 10 11 13 14 16 | 16.3

Action                   |  1- 3 |  4- 6 |  7- 9 | 10-12 | 13-15 | 16-18 || total
-------------------------+-------+-------+-------+-------+-------+-------++-------
Melee: Dagger            |   109 |   199 |   216 |   657 |  1004 |   113 ||  2298
       Headbutt          |       |       |       |     7 |   151 |    15 ||   173
Throw: Throwing net      |       |     2 |       |       |       |       ||     2
 Cast: Corona            |     4 |     1 |       |       |       |       ||     5
       Ensorcelled Hiber |    12 |    22 |    25 |    77 |   176 |    10 ||   322
       Confuse           |       |     7 |    21 |    80 |    66 |    37 ||   211
       Tukima's Dance    |       |     1 |       |       |       |       ||     1
       Dazzling Spray    |       |       |     4 |    20 |   116 |    21 ||   161
Invok: Shadow Step       |       |       |       |     1 |    13 |     1 ||    15
Evoke: Wand              |       |       |       |     2 |     6 |       ||     8
  Use: Scroll            |     7 |     4 |     5 |    17 |    10 |       ||    43
       Potion            |       |     1 |       |     8 |     9 |     8 ||    26
 Stab: Sleeping          |    12 |    18 |    44 |    89 |   220 |    17 ||   400
       Confused          |       |     3 |    12 |    47 |    27 |    12 ||   101
       Invisible         |       |       |     3 |     4 |    56 |     1 ||    64
       Distracted        |       |       |     2 |     4 |    12 |       ||    18
  Eat: Royal jelly       |       |     4 |     2 |     3 |     4 |       ||    13
       Fruit             |       |       |       |     3 |    10 |       ||    13
Armor: Robe              |    11 |    15 |    13 |    11 |    25 |     3 ||    78
Dodge: Dodged            |    97 |   164 |   166 |   453 |  1100 |   183 ||  2163

Table legend:
 A = Spawn XP
 B = Non-spawn XP
 C = Spawn XP percentage of total XP
 D = Spawn monster count
 E = Non-spawn monster count
 F = Spawn count percentage of total count
 G = Total turns spent on level
                    A         B        C        D         E        F      G
               +---------+---------+-------+---------+---------+-------+---------
         Total |       0 |  169491 |   0.0 |       0 |     818 |   0.0 | 38155
               +---------+---------+-------+---------+---------+-------+---------
           D:1 |       0 |      32 |   0.0 |       0 |      16 |   0.0 |  1331
           D:2 |       0 |      96 |   0.0 |       0 |      17 |   0.0 |  1222
           D:3 |       0 |      78 |   0.0 |       0 |      23 |   0.0 |   984
           D:4 |       0 |     692 |   0.0 |       0 |      20 |   0.0 |  1052
           D:5 |       0 |     268 |   0.0 |       0 |       7 |   0.0 |   862
           D:6 |       0 |    1878 |   0.0 |       0 |      37 |   0.0 |  1279
           D:7 |       0 |    1730 |   0.0 |       0 |      33 |   0.0 |  1924
           D:8 |       0 |    5109 |   0.0 |       0 |      38 |   0.0 |  1489
           D:9 |       0 |    4664 |   0.0 |       0 |      43 |   0.0 |  1717
          D:10 |       0 |    6172 |   0.0 |       0 |      34 |   0.0 |  1992
          D:11 |       0 |    5249 |   0.0 |       0 |      37 |   0.0 |  1090
          D:12 |       0 |    5022 |   0.0 |       0 |      39 |   0.0 |  1945
          D:13 |       0 |   10794 |   0.0 |       0 |      46 |   0.0 |  1922
          D:14 |       0 |   16120 |   0.0 |       0 |      41 |   0.0 |  2284
          D:15 |       0 |   19521 |   0.0 |       0 |      38 |   0.0 |  2066
        Lair:1 |       0 |    5651 |   0.0 |       0 |      27 |   0.0 |  1448
        Lair:2 |       0 |    3251 |   0.0 |       0 |      20 |   0.0 |  1171
        Lair:3 |       0 |   11688 |   0.0 |       0 |      36 |   0.0 |  1999
        Lair:4 |       0 |    4391 |   0.0 |       0 |      13 |   0.0 |   746
        Lair:5 |       0 |   19591 |   0.0 |       0 |      80 |   0.0 |  2626
        Lair:6 |       0 |   23133 |   0.0 |       0 |      77 |   0.0 |  2677
       Swamp:1 |       0 |    2939 |   0.0 |       0 |       9 |   0.0 |   542
      Spider:1 |       0 |     313 |   0.0 |       0 |       1 |   0.0 |     6
         Orc:1 |       0 |    2727 |   0.0 |       0 |      16 |   0.0 |   646
         Orc:2 |       0 |   12847 |   0.0 |       0 |      45 |   0.0 |  1518
         Elf:1 |       0 |    2774 |   0.0 |       0 |       5 |   0.0 |   128
           Lab |       0 |    2625 |   0.0 |       0 |      12 |   0.0 |   869
         Sewer |       0 |     136 |   0.0 |       0 |       8 |   0.0 |   485
               +---------+---------+-------+---------+---------+-------+---------
